AoeStats
← MaxC

African Clearing

510699840Analyzed
4v4 RM · 16h ago on Oct 2, 2026· 89m 1s· 8 players
Game mode
Random Map
Map size
Large (8 player)
Population
200
Speed
Normal
Resources
Standard
Victory
Conquest
Starting age
Dark Age
Ending age
Imperial Age
RankedLock teamsTeams togetherTeam positionsShared explorationLock speedFull tech treeHidden civsTurbo modeCheats
Victory
Defeat
🇹🇼 Japanese · Taiwan
1072
+13
🇨🇳 Chinese · China
1060
+14
🇹🇼 Magyars · Taiwan
978
+18
🇧🇷 Cumans · Brazil
975
+17
🇰🇿 Inca · Kazakhstan
1047
-17
🇹🇷 Persians · Türkiye
1026
-16
🇵🇪 Goths · Peru
1004
-15
🇳🇴 Jurchens · Norway
969
-14
fmk1199
7:25 Loom
14:45 Feudal Age
15:30 Town Watch
18:45 Castle Age
16:48 Gold Mining
17:09 Double-Bit Axe
18:02 Horse Collar
20:05 Wheelbarrow
21:58 Hand Cart
22:25 Heavy Plow
29:31 Bow Saw
29:58 Gold Shaft Mining
30:16 Squires
30:39 Arson
31:52 Guard Tower
32:58 Fletching
34:48 Padded Archer Armor
34:46 Bodkin Arrow
36:05 Leather Archer Armor
37:05 Ballistics
37:37 Masonry
38:49 Thumb Ring
40:45 Andean Sling
44:00 Elite Skirmisher
44:58 Fortified Wall
46:36 Town Patrol
47:21 Forging
47:12 Scale Mail Armor
50:49 Imperial Age
50:00 Iron Casting
54:48 Blast Furnace
54:53 Hoardings
58:01 Conscription
60:02 Elite Kamayuk
69:45 Chain Mail Armor
71:07 Plate Mail Armor
71:57 Fabric Shields
72:07 Bracer
75:52 Guilds
84:40 Ring Archer Armor
88:18 Crop Rotation
Jomz
4:35 Loom
17:29 Feudal Age
23:43 Castle Age
26:14 Wheelbarrow
25:35 Pikeman
26:15 Squires
28:33 Man-at-Arms
30:46 Stone Mining
31:58 Horse Collar
33:51 Long Swordsman
38:15 Light Cavalry
38:56 Husbandry
41:48 Imperial Age
40:27 Bloodlines
42:45 Perfusion
43:07 Conscription
42:09 Two-Handed Swordsman
42:11 Halberdier
43:13 Champion
44:59 Hussar
56:35 Anarchy
69:44 Elite Huskarl
74:08 Padded Archer Armor
74:09 Scale Mail Armor
82:35 Hand Cart
Warmommy
4:29 Loom
13:06 Feudal Age
13:52 Double-Bit Axe
14:00 Gold Mining
17:16 Horse Collar
18:37 Bloodlines
21:46 Castle Age
21:54 Wheelbarrow
22:40 Town Watch
22:58 Heavy Plow
23:10 Bow Saw
24:31 Stone Mining
27:31 Hand Cart
28:22 Gold Shaft Mining
29:21 Scale Barding Armor
30:45 Stone Shaft Mining
31:05 Town Patrol
31:32 Pikeman
32:12 Squires
33:38 Fortified Bastions
37:15 Imperial Age
35:17 Forging
35:16 Husbandry
38:34 Crop Rotation
39:06 Two-Man Saw
39:03 Conscription
38:06 Elite Iron Pagoda
38:33 Elite Skirmisher
40:01 Chain Barding Armor
39:32 Fletching
39:45 Padded Archer Armor
39:16 Heavy Rocket Cart
39:22 Halberdier
39:48 Arson
39:54 Capped Ram
43:19 Chemistry
42:25 Siege Engineers
42:35 Arrowslits
46:22 Elite Fire Lancer
51:34 Bodkin Arrow
51:54 Leather Archer Armor
52:15 Iron Casting
52:15 Plate Barding Armor
51:41 Scale Mail Armor
63:18 Murder Holes
Jewish MasterMind
14:01 Feudal Age
12:21 Loom
19:22 Castle Age
18:53 Horse Collar
19:06 Gold Mining
20:55 Double-Bit Axe
21:26 Town Watch
22:17 Wheelbarrow
22:13 Bow Saw
24:27 Fletching
27:46 Forging
31:49 Husbandry
31:59 Bloodlines
37:02 Imperial Age
36:18 Iron Casting
35:50 Scale Barding Armor
37:12 Kamandaran
38:46 Two-Man Saw
37:54 Heavy Plow
38:59 Bodkin Arrow
39:05 Padded Archer Armor
39:36 Chain Barding Armor
40:17 Blast Furnace
39:41 Conscription
38:48 Crossbowman
40:34 Thumb Ring
41:05 Leather Archer Armor
40:17 Elite Skirmisher
41:57 Hand Cart
42:48 Plate Barding Armor
44:27 Ring Archer Armor
43:52 Cavalier
45:39 Town Patrol
45:19 Savar
47:18 Ballistics
51:49 Chemistry
51:51 Murder Holes
52:09 Masonry
51:47 Elite War Elephant
52:42 Citadels
52:27 Stone Mining
53:16 Gold Shaft Mining
53:16 Crop Rotation
53:54 Fervor
57:07 Light Cavalry
59:25 Architecture
58:43 Hussar
60:34 Hoardings
68:05 Stone Shaft Mining
85:42 Caravan
Don Constan
14:27 Loom
19:22 Feudal Age
20:05 Double-Bit Axe
20:03 Horse Collar
21:01 Wheelbarrow
20:14 Town Watch
23:58 Stone Mining
35:34 Fletching
42:53 Castle Age
43:01 Forging
42:53 Scale Mail Armor
44:16 Hand Cart
44:13 Bow Saw
44:34 Heavy Plow
45:16 Gold Mining
51:13 Imperial Age
49:40 Pikeman
50:21 Squires
50:06 Arson
50:59 Iron Casting
50:39 Chain Mail Armor
52:54 Two-Man Saw
52:28 Crop Rotation
53:00 Blast Furnace
51:34 Halberdier
53:31 Plate Mail Armor
53:27 Caravan
53:57 Coinage
54:19 Conscription
54:24 Bodkin Arrow
55:17 Gold Shaft Mining
65:07 Chemistry
64:28 Ballistics
64:04 Murder Holes
69:15 Banking
68:56 Guilds
68:30 Capped Ram
69:04 Elite Kipchak
69:45 Steppe Husbandry
69:46 Cuman Mercenaries
73:13 Siege Ram
82:17 Cavalier
83:08 Bloodlines
82:20 Elite Steppe Lancer
83:41 Paladin
86:10 Scale Barding Armor
jerry80tim
13:23 Feudal Age
12:23 Loom
18:11 Bloodlines
21:45 Wheelbarrow
21:54 Horse Collar
22:41 Double-Bit Axe
25:21 Castle Age
24:25 Scale Barding Armor
26:17 Bow Saw
26:25 Husbandry
26:48 Chain Barding Armor
29:28 Light Cavalry
33:39 Hand Cart
36:19 Imperial Age
34:33 Treadmill Crane
35:33 Heavy Plow
36:12 Corvinian Army
36:14 Gold Mining
36:16 Stone Mining
37:36 Gold Shaft Mining
36:51 Town Watch
37:31 Ballistics
38:17 Conscription
40:33 Hoardings
41:26 Fletching
42:12 Plate Barding Armor
42:53 Thumb Ring
44:59 Parthian Tactics
44:37 Padded Archer Armor
47:42 Two-Man Saw
46:48 Recurve Bow
47:55 Bodkin Arrow
49:18 Bracer
49:34 Leather Archer Armor
49:19 Scale Mail Armor
50:21 Chemistry
49:51 Elite Magyar Huszar
50:31 Heavy Cavalry Archer
52:10 Ring Archer Armor
51:56 Chain Mail Armor
54:51 Siege Engineers
54:58 Masonry
55:34 Crop Rotation
58:08 Murder Holes
67:02 Hussar
77:37 Pikeman
82:21 Caravan
85:38 Town Patrol
MaxC
7:42 Loom
12:28 Feudal Age
13:54 Double-Bit Axe
13:50 Horse Collar
21:48 Castle Age
20:40 Gold Mining
20:49 Man-at-Arms
23:28 Gold Shaft Mining
24:16 Wheelbarrow
24:19 Bow Saw
23:39 Long Swordsman
24:43 Stone Mining
26:28 Scale Mail Armor
27:00 Forging
28:32 Chain Mail Armor
29:42 Iron Casting
30:46 Squires
30:40 Fletching
31:19 Bodkin Arrow
32:46 Hand Cart
33:12 Arson
33:13 Gambesons
35:50 Pikeman
38:54 Padded Archer Armor
39:02 Scale Barding Armor
39:01 Yasama
41:35 Imperial Age
41:47 Two-Handed Swordsman
42:59 Plate Mail Armor
43:30 Blast Furnace
43:06 Fervor
43:18 Conscription
43:20 Kataparuto
44:16 Two-Man Saw
43:49 Thumb Ring
43:53 Bracer
44:11 Halberdier
47:00 Padded Archer Armor
47:26 Conscription
49:45 Champion
58:04 Treadmill Crane
58:47 Ballistics
59:32 Chemistry
65:12 Coinage
64:47 Caravan
66:34 Kataparuto
66:16 Yasama
67:20 Banking
66:54 Caravan
70:17 Town Watch
72:19 Sanctity
72:59 Heavy Cavalry Archer
77:08 Leather Archer Armor
79:17 Elite Skirmisher
84:12 Chain Barding Armor
86:26 Ring Archer Armor
88:14 Heavy Plow
小猪桑
4:41 Loom
15:02 Feudal Age
19:16 Double-Bit Axe
20:53 Fishing Lines
24:11 Castle Age
22:38 Town Watch
26:14 Fletching
26:25 Padded Archer Armor
27:04 Wheelbarrow
28:24 Town Watch
29:48 Gold Mining
30:32 Bow Saw
30:46 Ballistics
31:00 Bodkin Arrow
32:16 Leather Archer Armor
35:14 Gold Shaft Mining
34:32 Stone Mining
35:12 Gillnets
36:06 Arson
36:35 Squires
37:21 Forging
37:11 Scale Mail Armor
38:56 Iron Casting
39:16 Chain Mail Armor
44:34 Imperial Age
43:34 Pikeman
43:54 Pikeman
45:35 Conscription
45:27 Bracer
45:58 Ring Archer Armor
46:28 Blast Furnace
46:18 Plate Mail Armor
46:44 Hand Cart
47:38 Stone Shaft Mining
49:47 Halberdier
52:09 Chemistry
60:31 Two-Man Saw
60:16 Elite Skirmisher
68:48 Town Patrol
73:36 Elite Chu Ko Nu
80:04 Horse Collar
82:28 Heavy Plow
Connection lost

Rejoining the realm…

Still unreachable

The connection could not be restored.

Session expired

The server has moved on; the page needs a fresh start.